 Dungeon Crawl Stone Soup version 0.23.2-1-ga50397a (webtiles) character file.

Game seed: 16043819601640806869

51 Iscandelvey the Vexing (level 3, 18/26 HPs)
             Began as a Demonspawn Arcane Marksman on Apr 16, 2019.
             Quit the game on level 2 of the Dungeon.
             The game lasted 00:00:37 (689 turns).

Iscandelvey the Vexing (Demonspawn Arcane Marksman)  Turns: 689, Time: 00:00:37

Health: 18/26      AC:  2    Str: 10    XL:     3   Next: 58%
Magic:  4/4        EV: 12    Int: 15    God:
Gold:   72         SH:  0    Dex: 13    Spells: 3/4 levels left

rFire    . . .     SeeInvis .   a - +0 hand crossbow
rCold    . . .     Gourm    .   (no shield)
rNeg     . . .     Faith    .   e - +0 robe
rPois    .         Spirit   .   (no helmet)
rElec    .         Reflect  .   (no cloak)
rCorr    .         Harm     .   (no gloves)
MR       .....                  (no boots)
Stlth    +.........             (no amulet)
HPRegen  0.08/turn              (no ring)
MPRegen  0.09/turn              (no ring)

@: no status effects
A: talons 1, demonic guardian 1
a: no special abilities


You were on level 2 of the Dungeon.
You were not hungry.

You visited 1 branch of the dungeon, and saw 2 of its levels.

You collected 72 gold pieces.

Inventory:

Hand Weapons
 a - a +0 hand crossbow (weapon)
Armour
 e - a +0 robe (worn)
Jewellery
 k - a cursed ring of teleportation {unknown}
Scrolls
 c - 3 scrolls of identify {unknown}
 g - a scroll of teleportation {unknown}
 h - a scroll of enchant weapon {unknown}
 i - 3 scrolls of noise {unknown}
Potions
 b - a potion of magic {unknown}
 j - a potion of curing {unknown}
 l - a potion of flight {unknown}
Comestibles
 f - 2 rations


   Skills:
 + Level 1.2 Fighting
 + Level 3.0 Crossbows
 + Level 2.0 Dodging
 + Level 1.0 Spellcasting
 + Level 3.4 Hexes


You had 3 spell levels left.
You knew the following spells:

 Your Spells              Type           Power        Failure   Level  Hunger
a - Corona                Hex            ##.....      6%          1    ##.....

Your spell library contained the following spells:

 Spells                   Type           Power        Failure   Level  Hunger
 Slow                     Hex            ##......     9%          2    ###....
 Inner Flame              Hex/Fire       #.......     36%         3    ####...
 Portal Projectile        Hex/Tloc       #.....       36%         3    ####...
 Cause Fear               Hex            ##........   52%         4    #####..
 Leda's Liquefaction      Hex/Erth       #.........   77%         4    #####..


Dungeon Overview and Level Annotations

Branches:
Dungeon (2/15)

Altars:
Wu Jian


Innate Abilities, Weirdness & Mutations

You have sharp toenails.
A weak demonic guardian rushes to your aid.


Message History

Firing (i - inventory) No suitable missiles.
Press: ? - help, Shift-Dir - straight line, f/p - adder
Aim: an adder
Okay, then.
Firing (i - inventory) No suitable missiles.
Press: ? - help, Shift-Dir - straight line, f/p - adder
Aim: an adder
Okay, then.
An adder is nearby!
Firing (i - inventory) No suitable missiles.
Press: ? - help, Shift-Dir - straight line, f/p - adder
Aim: an adder
Okay, then.
An adder is nearby!
Firing (i - inventory) No suitable missiles.
Press: ? - help, Shift-Dir - straight line, f/p - adder
Aim: an adder
Okay, then.
An adder is nearby!
Are you sure you want to abandon this character and quit the game? (Confirm with "yes".)

(.. .(. (...
..?(. ...##
((.## #$S#
#@###
#####...#
#.....#.#
#.....#.#
###.....# .
###.......#
..
....#...).#
..
.....##†###
#..
####..#.####


You could see an adder.

Vanquished Creatures
  3 adders (D:2)
  A dart slug (D:1)
  A goblin (D:1)
  3 hobgoblins
  5 kobolds
  2 ball pythons (D:2)
  A bat (D:1)
  3 frilled lizards
  7 rats
26 creatures vanquished.

Notes
Turn   | Place    | Note
-------+----------+-------------------------------------------
     0 | D:1      | Iscandelvey the Demonspawn Arcane Marksman began the quest
                  | for the Orb.
     0 | D:1      | Reached XP level 1. HP: 15/15 MP: 2/2
    72 | D:1      | Gained mutation: You have sharp toenails. [demonic
                  | ancestry]
    72 | D:1      | Reached XP level 2. HP: 21/21 MP: 3/3
   598 | D:2      | Found an ornate altar of the Wu Jian Council.
   609 | D:2      | Gained mutation: A weak demonic guardian rushes to your
                  | aid. [demonic ancestry]
   609 | D:2      | Reached XP level 3. HP: 23/26 MP: 4/4
   689 | D:2      | Quit the game

Skill      XL: |  1  2  3 |
---------------+----------+-----
Crossbows      | 2 3 |  3.0
Dodging        | 2 |  2.0
Fighting       | |  1.2
Spellcasting   | |  1.0
Hexes          | |  3.4

Action                   || total
-------------------------++-------
 Fire: Hand crossbow     ||    55
Armor: Robe              ||     2
Dodge: Dodged            ||    10
